 Dungeon Crawl Stone Soup version 0.28.0-47-ge53b351184 (webtiles) character file.

Game seed: 5259958300295780783

59 Cak3Hol3 the Grave Robber (level 4, -2/21 HPs)
             Began as a Vine Stalker Necromancer on May 1, 2022.
             Killed from afar by a white imp (5 damage)
             ... with a puff of frost
             ... summoned by Natasha
             ... on level 2 of the Dungeon.
             The game lasted 00:13:28 (2569 turns).

Cak3Hol3 the Grave Robber (VSNe)                    Turns: 2569, Time: 00:13:28

Health: -2/21      AC:  2    Str: 11    XL:     4   Next: 3%
Magic:  0/9        EV: 12    Int: 17    God:
Gold:   51         SH:  0    Dex: 14    Spells: 6/8 levels left

rFire   . . .      SeeInvis .   c - +0 whip
rCold   . . .      Faith    .   (no shield)
rNeg    . . .      Spirit   +   a - +0 robe
rPois   .          Reflect  .   (no helmet)
rElec   .          Harm     .   (no cloak)
rCorr   .          Rampage  .   (no gloves)
Will    .....                   (no boots)
Stlth   ++........              (no amulet)
HPRegen 0.87/turn               (no ring)
MPRegen 0.11/turn               (no ring)

@: no status effects
A: fangs 2, regeneration 1, magic shield, antimagic bite, no potion heal 2
a: no special abilities


You were on level 2 of the Dungeon.
You visited 1 branch of the dungeon, and saw 3 of its levels.

You collected 51 gold pieces.

Inventory:

Hand Weapons
 c - a +0 whip (weapon)
 f - a +0 shortbow
Missiles
 j - 24 arrows
Armour
 a - a +0 robe (worn)
 b - a +0 robe
 g - a +0 robe
Scrolls
 d - a scroll of identify {unknown}
 i - a scroll of immolation {unknown}
Potions
 e - a potion of might {unknown}
 h - 2 potions of haste {unknown}
 k - a potion of ambrosia {unknown}


   Skills:
 + Level 0.4 Fighting
 + Level 0.2 Maces & Flails
 + Level 1.8 Dodging
 + Level 2.8 Stealth
 + Level 2.8 Spellcasting
 + Level 4.7 Necromancy


You had 6 spell levels left.
You knew the following spells:

 Your Spells              Type           Power      Damage    Failure   Level
a - Pain                  Necr           72%        1d7       2%          1
b - Animate Skeleton      Necr           36%        N/A       2%          1

Your spell library contained the following spells:

 Spells                   Type           Power      Damage    Failure   Level
 Vampiric Draining        Necr           18%        2d7       8%          3
 Animate Dead             Necr           9%         N/A       26%         4
 Agony                    Necr           18%        N/A       56%         5


Dungeon Overview and Level Annotations

Branches:
Dungeon (3/15)

Altars:

Annotations:
D:2 Natasha


Innate Abilities, Weirdness & Mutations

You have extremely sharp teeth.
Your natural rate of healing is unusually fast.
When hurt, damage is shared between your health and your magic reserves.
Your bite disrupts and absorbs the magic of your enemies.
Potions cannot restore your health.


Message History

The frilled lizard bites you. The shadow imp gestures at you.
Pain shoots through your body!
Natasha casts a spell.
Okay, then.
Aiming: Pain (safe; 2% risk of failure)
Press: ? - help, Q - select action, (/) - cycle Shift-Dir - straight line, f - shadow imp
Aim: a shadow imp (summoned, not susceptible)
The shadow imp is unaffected.
Your bat skeleton barely misses Natasha. x2
The frilled lizard barely misses you.
Your bat skeleton hits Natasha but does no damage.
The shadow imp closely misses you. Natasha completely misses you.
You hit the shadow imp.
The shadow imp is moderately wounded.
Your bat skeleton barely misses Natasha.
Your bat skeleton closely misses Natasha.
The frilled lizard barely misses you.
Your bat skeleton hits Natasha.
The shadow imp hits you. Natasha claws you.
Aiming: Pain (safe; 2% risk of failure)
Press: ? - help, Q - select action, (/) - cycle Shift-Dir - straight line, f/p - shadow imp
Aim: a shadow imp (moderately wounded, summoned, not susceptible)
The shadow imp is unaffected.
Your bat skeleton barely misses Natasha.
Your bat skeleton hits Natasha but does no damage.
The frilled lizard barely misses you.
Your bat skeleton completely misses Natasha.
The shadow imp hits you. Natasha claws you.
* * * LOW HITPOINT WARNING * * *
Your bat skeleton hits Natasha.
Your bat skeleton closely misses Natasha.
The frilled lizard bites you.
* * * LOW HITPOINT WARNING * * *
Your bat skeleton hits Natasha but does no damage.
Natasha claws your bat skeleton.
Your bat skeleton completely misses Natasha.
Your bat skeleton closely misses Natasha.
The white imp gestures at you. The puff of frost hits you.
You die...

#>....# #.# #.....#
#.#####.$... ... ....#.####
#.# #.......#
#.####..#.##.#
#.#.##......##.#
#.#........@l5Z#
#.#..........$h#
#####.#.#.#...####5#
#.........###......5..h....
#.#####..#.#...#.##.#####..
#.#####..##.#.....#.#
.....##.............#
#.......#######...###
#.##.##.# #...#


You could see Natasha (ally target), a white imp (summoned), a shadow imp
(summoned), a frilled lizard and a friendly bat skeleton.

Vanquished Creatures
  2 adders (D:2)
  A worm (D:2)
  2 dart slugs
  3 endoplasms
  2 giant cockroaches
  A goblin (D:1)
  4 hobgoblins (D:1)
  2 kobolds
  A quokka (D:1)
  6 ball pythons
  2 bats (D:2)
  6 rats
32 creatures vanquished.

Vanquished Creatures (collateral kills)
  A hobgoblin (D:1)
  A bat (D:1)
  A frilled lizard (D:1)
  A kobold (D:1)
4 creatures vanquished.

Grand Total: 36 creatures vanquished

Notes
Turn   | Place    | Note
-------+----------+-------------------------------------------
     0 | D:1      | Cak3Hol3 the Vine Stalker Necromancer began the quest for
                  | the Orb.
     0 | D:1      | Reached XP level 1. HP: 9/9 MP: 4/4
    48 | D:1      | Learned a level 1 spell: Animate Skeleton
   430 | D:1      | Reached XP level 2. HP: 13/13 MP: 4/6
  1342 | D:1      | Reached XP level 3. HP: 13/16 MP: 5/7
  1968 | D:2      | Found a faded altar of an unknown god.
  2506 | D:2      | Gained mutation: Your natural rate of healing is unusually
                  | fast. [Vine Stalker growth]
  2506 | D:2      | Reached XP level 4. HP: 5/21 MP: 4/9
  2555 | D:2      | Noticed Natasha
  2569 | D:2      | Killed from afar by a white imp

Illustrated notes

Levels and vault maps discovered:
D:1:      grunt_arrival_crossed_arrows, layout_basic, minivault_14
D:2:      layout_loops_cross, basic_ecumenical_altar, uniq_natasha
D:3:      layout_basic, mrwooster_statue_mirror

Action                   |  1- 3 |  4- 6 || total
-------------------------+-------+-------++-------
Melee: Unarmed           |    24 |       ||    24
       Bite              |    30 |     1 ||    31
       Whip              |    96 |     8 ||   104
       Punch             |     3 |       ||     3
 Cast: Animate Skeleton  |    12 |     2 ||    14
       Pain              |     5 |     2 ||     7
 Stab: Sleeping          |     4 |       ||     4
Armor: Robe              |    16 |     3 ||    19
Dodge: Dodged            |    84 |    14 ||    98
